 Dungeon Crawl Stone Soup version 0.30-a0-591-g3c58d2bc28 (webtiles) character file.

Game seed: 4024824421318030405

15152 testman the Carver (level 12, -3/100 HPs)
             Began as a Merfolk Gladiator on Jan 3, 2023.
             Was the Champion of Okawaru.
             Slain by Rupert
             ... wielding a +2 great mace of protection
              (34 damage)
             ... on level 12 of the Dungeon on Jan 4, 2023.
             The game lasted 01:06:30 (11655 turns).

testman the Carver (Merfolk Gladiator)             Turns: 11655, Time: 01:06:31

Health: -3/100     AC:  8    Str: 12    XL:     12   Next: 24%
Magic:  21/22      EV: 23    Int:  3    God:    Okawaru [******]
Gold:   1297       SH:  7    Dex: 20    Spells: 11/11 levels left

rFire   + + +      SeeInvis .    a - +0 long sword (flame)
rCold   . . .      Faith    .    L - +0 buckler
rNeg    . . .      Spirit   .    N - +1 robe of Qietang {Rampage Str-2 Slay+5 Archmagi}
rPois   +          Reflect  .    k - +0 helmet
rElec   .          Harm     .    (no cloak)
rCorr   .          Rampage  +    (no gloves)
Will    +....      Archmagi +    j - +1 pair of boots of Okawaru {rPois rF+++ Int-5 Slay+6}
Stlth   +++                      V - amulet of the acrobat
HPRegen 0.36/turn                W - +4 ring of slaying
MPRegen 0.18/turn                H - ring of willpower

@: heroic
A: (nimble swimmer 2), mertail, claws 1, iridescent scales 1, high MP 1
a: Renounce Religion, Heroism, Finesse, Duel


You were on level 12 of the Dungeon.
You worshipped Okawaru.
Okawaru was exalted by your worship.
You visited 1 branch of the dungeon, and saw 12 of its levels.
You also visited: Bailey.

You collected 1297 gold pieces.

Inventory:

Hand Weapons
 a - a +0 long sword of flaming (weapon)
 U - the +5 rapier of Distant Shores {freeze, rElec rF+ Int+3}
   (You found it on level 7 of the Dungeon)

   Int:       It affects your intelligence (+3).
   rF:        It protects you from fire.
   rElec:     It insulates you from electricity.
Missiles
 d - 3 throwing nets
 e - 10 javelins
 o - 33 boomerangs (quivered)
 x - 13 poisoned darts
 I - a curare-tipped dart
 T - 4 silver javelins
Armour
 j - the +1 pair of boots of Okawaru (worn) {rPois rF+++ Int-5 Slay+6}
   (Okawaru gifted it to you on level 11 of the Dungeon)

   Int:       It affects your intelligence (-5).
   Slay:      It affects your accuracy & damage with ranged weapons and melee
   (+6).
   rF:        It renders you almost immune to fire.
   rPois:     It protects you from poison.
 k - a +0 helmet (worn)
 L - a +0 buckler (worn)
 N - the +1 robe of Qietang (worn) {Rampage Str-2 Slay+5 Archmagi}
   (You found it on level 6 of the Dungeon)

   Str:       It affects your strength (-2).
   Slay:      It affects your accuracy & damage with ranged weapons and melee
   (+5).
   Rampage:   It bestows one free step when moving towards enemies.
   Archmagi:  It increases the power of your magical spells.
Jewellery
 g - a ring of protection from cold
 m - an amulet of regeneration
 n - an amulet of faith
 v - an amulet of reflection
 C - a ring of resist corrosion
 G - a ring of positive energy
 H - a ring of willpower (right claw)
 Q - a ring of magical power
 R - a ring of wizardry
 V - an amulet of the acrobat (around neck)
 W - a +4 ring of slaying (left claw)
Wands
 i - a wand of iceblast (6)
 y - a wand of polymorph (8)
 A - a wand of quicksilver (26)
 E - a wand of flame (13)
 O - a wand of mindburst (18)
 S - a wand of paralysis (17)
Scrolls
 b - 2 scrolls of poison
 q - 5 scrolls of teleportation
 r - 5 scrolls of amnesia
 w - a scroll of magic mapping
 B - 3 scrolls of immolation
 D - 4 scrolls of fear
 P - a scroll of brand weapon
 X - a scroll of enchant weapon {unknown}
Potions
 c - 2 potions of heal wounds
 f - 3 potions of mutation
 h - 2 potions of magic
 l - 2 potions of resistance
 s - 2 potions of cancellation
 t - a potion of invisibility
 u - a potion of lignification
 z - 5 potions of might
 F - 2 potions of brilliance
 J - 6 potions of flight
 K - a potion of attraction {unknown}
 M - 4 potions of curing
Miscellaneous
 p - a condenser vane


   Skills:
 + Level 11.5(16.5) Fighting
 + Level 12.8(17.8) Long Blades
 - Level 2.0(7.0) Throwing
 + Level 10.9(15.9) Dodging
 - Level 4.0(9.0) Shields
 + Level 10.7 Invocations


You had 11 spell levels left.
You didn't know any spells.
Your spell library contained the following spells:

 Spells                   Type           Power      Damage    Failure   Level
 Beastly Appendage        Tmut           0%         N/A       58%         1
 Wereblood                Tmut           0%         N/A       75%         2
 Frozen Ramparts          Ice            0%         1d1       92%         3
 Ignite Poison            Fire/Tmut/Pois 0%         N/A       92%         3
 Spider Form              Tmut/Pois      0%         N/A       92%         3
 Ice Form                 Ice/Tmut       0%         N/A       100%        4
 Sticky Flame             Conj/Fire      0%         2d3       100%        4
 Yara's Violent Unravell  Hex/Tmut       0%         3d3       100%        5
 Enfeeble                 Hex            0%         N/A       100%        7
 Orb of Destruction       Conj           0%         9d5       100%        7
 Ignition                 Fire           0%         3d3       100%        8
 Summon Guardian Golem    Hex/Summ       Unusable   N/A       N/A         3
 Summon Ice Beast         Ice/Summ       Unusable   N/A       N/A         4
 Spellforged Servitor     Conj/Summ      Unusable   N/A       N/A         7

Dungeon Overview and Level Annotations

Branches:
Dungeon (12/15)            Temple (0/1) D:6            Lair (0/5) D:10
    Orc (0/2) D:10         Bailey (visited)

Altars:
Ashenzari
Cheibriados
Dithmenos
Elyvilon
Makhleb
Okawaru
Qazlal
Sif Muna
Trog
Vehumet
Xom
The Shining One

Shops:
D:5 :   D:6 (

Annotations:
D:7 2 runed translucent doors
D:12 Rupert


Innate Abilities, Weirdness & Mutations

((You are very nimble when in or above water. (Stealth+, EV+, Speed+++)))
Your lower body shifts to a powerful aquatic tail in water.
You have sharp fingernails.
You are partially covered in iridescent scales. (AC +2)
You have an increased reservoir of magic. (+10% MP)


Message History

No target in view!
HP restored.
Items here: ))) [ †.
You see here a +1 war axe of freezing.
You open the door.
There is an open door here.
You open the door.
Rupert the Wild comes into view.
He is wielding a +2 great mace of protection.
Rupert shouts!
Rupert roars wildly at you. You resist with some effort.
There is an open door here.
You gain the combat prowess of a mighty hero.
You rampage towards Rupert!
Rupert closely misses you.
You barely miss Rupert. Rupert completely misses you.
You slash Rupert! You burn Rupert.
Rupert is lightly wounded.
Rupert hits you with a +2 great mace of protection!
You slash Rupert! You burn Rupert.
Rupert is moderately wounded.
You closely miss Rupert.
Rupert is moderately wounded.
Rupert roars madly and goes into a rage!
Rupert goes berserk!
You slash Rupert! You burn Rupert!
Rupert is moderately wounded.
Rupert hits you with a +2 great mace of protection!!
You slash Rupert! You burn Rupert.
Rupert is heavily wounded.
Rupert hits you with a +2 great mace of protection.
You slice Rupert!! You burn Rupert!
Rupert is severely wounded.
Rupert barely misses you.
Rupert hits you with a +2 great mace of protection!!
You are too injured to fight recklessly!
You are too injured to fight recklessly!
You slash Rupert! You burn Rupert.
Rupert is severely wounded.
Rupert hits you with a +2 great mace of protection!!
You die...

#....... #......<
#...<... ###'#### #..#
######+## #######'##
#.......# #........#
#.......### #........#
#....@@.'.# #........+
#.......#.###.....)).#
#.......#..##........#
#.......##..'........#
#.......#####........#
######### #.)......#
#........# ##########


You could see Rupert (berserk).

Vanquished Creatures
  Erica (D:9)
  A boulder beetle (D:11)
  The ghost of porpoise the Prestidigitator, a novice GnWn of Hepliaklqana (D:7)
  2 orc knights (Bailey)
  A gargoyle (D:7)
  An unseen horror (D:11)
  5 kobold demonologists
  A rime drake (D:10)
  2 komodo dragons
  3 trolls
  Grinder (D:5)
  A slime creature (D:8)
  3 wyverns
  A shadow (D:7)
  A wraith (D:9)
  16 yaks
  An unseen horror simulacrum (D:7)
  An acid dragon (D:11)
  A water moccasin (D:7)
  8 orc warriors
  A black bear (D:7)
  4 sky beasts
  6 ice beasts
  3 ogres
  7 centaurs
  3 wolves (D:10)
  4 kobold brigands
  Blork the orc (D:6)
  A gnoll sergeant (D:7)
  4 bullfrogs
  A necrophage (D:5)
  4 scorpions
  6 wights (D:7)
  13 killer bees
  2 hounds
  5 jellies
  2 orc priests
  A gnoll bouda (D:4)
  Jessica (D:3)
  3 iguanas
  8 orc wizards
  A mummy (D:3)
  A howler monkey zombie (D:7)
  14 adders
  9 gnolls
  A shadow imp (D:7)
  A white imp (D:7)
  8 worms
  30 orcs
  8 endoplasms
  2 giant cockroaches
  19 goblins
  9 hobgoblins
  A jackal (D:3)
  2 quokkas (D:2)
  5 bats
  3 frilled lizards
  32 kobolds
  12 rats
290 creatures vanquished.

Vanquished Creatures (others)
  A spectral centaur (D:7)
  A plant (D:3)
2 creatures vanquished.

Grand Total: 292 creatures vanquished

Notes
Turn   | Place    | Note
-------+----------+-------------------------------------------
     0 | D:1      | testman the Merfolk Gladiator began the quest for the Orb.
     0 | D:1      | Reached XP level 1. HP: 16/16 MP: 1/1
   198 | D:1      | Reached XP level 2. HP: 23/23 MP: 2/2
   211 | D:1      | Reached skill level 4 in Long Blades
  1018 | D:2      | Reached XP level 3. HP: 29/29 MP: 3/3
  1556 | D:2      | Reached XP level 4. HP: 32/35 MP: 4/4
  1637 | D:3      | Found an iron altar of Okawaru.
  1646 | D:3      | Became a worshipper of Warmaster Okawaru
  1690 | D:3      | Found a radiant altar of Vehumet.
  1693 | D:3      | Noticed a sky beast
  1693 | D:3      | Noticed an ice beast
  1695 | D:3      | Found a transporter.
  1703 | D:3      | Noticed Jessica
  1716 | D:3      | Killed Jessica
  1717 | D:3      | Reached skill level 5 in Long Blades
  1877 | D:3      | Found a snail-covered altar of Cheibriados.
  1959 | D:3      | Found a transporter.
  2043 | D:3      | Reached XP level 5. HP: 42/42 MP: 5/5
  2269 | D:3      | Found a glowing golden altar of the Shining One.
  2405 | D:3      | Reached skill level 1 in Invocations
  2615 | D:4      | Reached XP level 6. HP: 49/49 MP: 7/7
  2756 | D:4      | Reached skill level 6 in Long Blades
  3218 | D:5      | Entered Level 5 of the Dungeon
  3375 | D:5      | Reached * piety under Okawaru
  3376 | D:5      | Reached skill level 5 in Fighting
  3397 | D:5      | Noticed Grinder
  3406 | D:5      | Found Fena's Tremendous Tomes.
  3422 | D:5      | Gained mutation: You occasionally lose the ability to read
                  | scrolls when taking damage. [potion of mutation]
  3422 | D:5      | Gained mutation: You are somewhat resistant to further
                  | mutation. [potion of mutation]
  3430 | D:5      | Paralysed by Grinder for 2 turns
  3444 | D:5      | Killed Grinder
  3445 | D:5      | Reached XP level 7. HP: 35/56 MP: 7/9
  3447 | D:5      | Lost mutation: You occasionally lose the ability to read
                  | scrolls when taking damage. [potion of mutation]
  3447 | D:5      | Lost mutation: You are somewhat resistant to further
                  | mutation. [potion of mutation]
  3447 | D:5      | Gained mutation: You have sharp fingernails. [potion of
                  | mutation]
  3447 | D:5      | Gained mutation: You have an increased reservoir of magic.
                  | (+10% MP) [potion of mutation]
  3447 | D:5      | Gained mutation: You are partially covered in iridescent
                  | scales. (AC +2) [potion of mutation]
  3573 | D:5      | Reached skill level 7 in Long Blades
  3606 | D:5      | Noticed a wyvern
  3618 | D:5      | Killed a wyvern
  3618 | D:5      | Reached ** piety under Okawaru
  3619 | D:5      | Reached XP level 8. HP: 40/65 MP: 12/12
  4062 | D:5      | Reached skill level 5 in Invocations
  4212 | D:3      | Reached skill level 8 in Long Blades
  4358 | D:6      | Noticed Blork the orc
  4366 | D:6      | Killed Blork the orc
  4366 | D:6      | Reached *** piety under Okawaru
  4422 | D:6      | Found a staircase to the Ecumenical Temple.
  4843 | D:6      | Identified the +1 robe of Qietang {Rampage Str-2 Slay+5
                  | Archmagi}
  4996 | D:6      | Found Kodun's Antique Weapon Shoppe.
  5228 | D:6      | Reached XP level 9. HP: 52/73 MP: 15/15
  5324 | D:6      | Found a shimmering blue altar of Sif Muna.
  5328 | D:6      | Reached skill level 9 in Long Blades
  5561 | D:7      | Found a bloodstained altar of Trog.
  5668 | D:7      | Reached skill level 1 in Shields
  5722 | D:7      | Reached **** piety under Okawaru
  5846 | D:7      | Noticed a troll
  5859 | D:7      | Killed a troll
  5860 | D:7      | Reached skill level 5 in Dodging
  6012 | D:7      | Found a large runed translucent door.
  6013 | D:7      | Found a large runed translucent door.
  6014 | D:7      | Found a large runed translucent door.
  6014 | D:7      | Found a large runed translucent door.
  6219 | D:7      | Reached skill level 10 in Long Blades
  6219 | D:7      | Reached XP level 10. HP: 68/82 MP: 15/17
  6336 | D:7      | Noticed a gargoyle
  6345 | D:7      | Killed a gargoyle
  6482 | D:7      | Found a runed translucent gate.
  6482 | D:7      | Found a runed translucent gate.
  6484 | D:7      | Found a runed translucent gate.
  6487 | D:7      | Noticed porpoise's ghost (novice GnWn)
  6511 | D:7      | Identified the +5 rapier of Distant Shores {freeze, rElec
                  | rF+ Int+3}
  6722 | D:7      | Killed porpoise's ghost
  6722 | D:7      | Reached ***** piety under Okawaru
  6732 | D:7      | Identified the +1 robe "Orebrypt" {Harm rElec}
  6827 | D:8      | Received a gift from Okawaru
  6969 | D:8      | Found a broken altar of Ashenzari.
  6976 | D:8      | Found a flagged portal.
  7015 | Bailey   | Entered a bailey
  7022 | Bailey   | Noticed an orc knight
  7046 | Bailey   | Noticed an orc knight
  7083 | Bailey   | Killed an orc knight
  7489 | Bailey   | Killed an orc knight
  7490 | Bailey   | Reached skill level 11 in Long Blades
  7493 | Bailey   | Reached XP level 11. HP: 29/90 MP: 17/19
  7853 | D:8      | Found a shimmering altar of Xom.
  8138 | D:8      | Reached skill level 10 in Fighting
  8168 | D:8      | Found a white marble altar of Elyvilon.
  8206 | D:8      | Found a burning altar of Makhleb.
  8630 | D:9      | Noticed Erica
  8635 | D:9      | Killed Erica
  8649 | D:9      | Upgraded the game from 0.30-a0-586-g23e55c9e0a to
                  | 0.30-a0-591-g3c58d2bc28
  8971 | D:9      | Found a shadowy altar of Dithmenos.
  9133 | D:10     | Entered Level 10 of the Dungeon
  9175 | D:10     | Reached ****** piety under Okawaru
  9186 | D:10     | Found a staircase to the Orcish Mines.
  9251 | D:10     | Found a stormy altar of Qazlal.
  9336 | D:10     | Reached skill level 12 in Long Blades
  9342 | D:10     | Identified the +9 longbow of Mayhem {drain, rC- Str+5}
                  | (Okawaru gifted it to you on level 10 of the Dungeon)
  9342 | D:10     | Received a gift from Okawaru
  9435 | D:10     | Found a staircase to the Lair.
  9485 | D:10     | Reached skill level 10 in Invocations
  9569 | D:10     | Reached skill level 10 in Dodging
  9730 | D:10     | Found a white marble altar of Elyvilon.
 10165 | D:11     | Reached XP level 12. HP: 56/100 MP: 21/21
 10556 | D:11     | Noticed a sun demon
 10963 | D:11     | Noticed a boulder beetle
 11002 | D:11     | Killed a boulder beetle
 11002 | D:11     | Identified the +1 pair of boots of Okawaru {rPois rF+++
                  | Int-5 Slay+6} (Okawaru gifted it to you on level 11 of the
                  | Dungeon)
 11002 | D:11     | Received a gift from Okawaru
 11644 | D:12     | Noticed Rupert
 11655 | D:12     | Slain by Rupert

Illustrated notes

Levels and vault maps discovered:
D:1:      saegor_arrival_under_anarchy, layout_loops_corners
D:2:      layout_loops_cross
D:3:      corexii_shack_village, layout_loops_cross,
          nicolae_tso_swordbearing_angel, okawaru_gym_becter,
          gammafunk_temple_overflow_arena, slow_altar_1, serial_glass,
          glass_columns_b, glass_columns_c, glass_columns_b, glass_columns_a,
          feat_on_display, feat_on_display, uniq_jessica
D:4:      layout_gridville, nicolae_wormholes
D:5:      layout_basic, minmay_misc_feat_room, nicolae_shop_i_like_big_books,
          uniq_grinder
D:6:      layout_layer_cave, marbit_many_paths, temple_statues, serial_shops,
          kennysheep_little_box, hangedman_decor_push, uniq_blork_the_orc
D:7:      layout_loops_ring, mainiacjoe_overflow_surrounded_room,
          gammafunk_ghost_necromancy, serial_park_tiny_1,
          corexii_leaking_fountain, minmay_hollow_rounded_squares
D:8:      layout_basic, mainiacjoe_overflow_catwalk,
          mainiacjoe_overflow_alcove_1, nicolae_ashenzari_panopticon,
          enter_bailey_5, minmay_ruined_shrine
D:9:      layout_rooms, lemuel_crystal_altar, uniq_erica
D:10:     layout_roguey, mainiacjoe_overflow_24_doors, kennysheep_mini,
          hellmonk_lair_entry_icy, orc_0_dummy
D:11:     layout_small_grid
D:12:     layout_roguey [special_room_bee], nicolae_wu_jian_glorious_leap,
          uniq_rupert

Skill      XL: |  1  2  3  4  5  6  7  8  9 10 11 |
---------------+----------------------------------+-----
Long Blades    | 4 5 6 7 8 10 11 12 | 12.8
Fighting       | 3 4 5 6 7 8 9 11 | 11.5
Invocations    | 1 3 4 6 7 8 10 | 10.7
Shields        | 3 4 |  4.0
Dodging        | 6 8 10 | 10.9
Throwing       | |  2.0

Action                   |  1- 3 |  4- 6 |  7- 9 | 10-12 || total
-------------------------+-------+-------+-------+-------++-------
Melee: Long sword        |    91 |   209 |   176 |   491 ||   967
       Punch             |     2 |     3 |     2 |       ||     7
       Falchion          |       |       |    99 |    30 ||   129
       Rapier            |       |       |       |    20 ||    20
       Tailslap          |       |       |       |     5 ||     5
Throw: Boomerang         |       |       |       |    26 ||    26
Invok: Heroism           |       |       |     2 |     6 ||     8
  Use: Potion            |       |     2 |     6 |       ||     8
       Scroll            |       |       |       |    16 ||    16
 Stab: Sleeping          |     2 |     3 |     4 |     1 ||    10
       Distracted        |       |       |     1 |       ||     1
Armor: Leather armour    |    34 |    43 |    31 |       ||   108
       Robe              |       |       |    26 |    79 ||   105
Dodge: Dodged            |    77 |   116 |   153 |   360 ||   706
Block: Buckler           |       |       |    34 |   174 ||   208
       Reflection        |       |       |       |     5 ||     5

Table legend: (Time is in decaauts)
 A = Elapsed time spent in this place.
 B = Non-inter-level travel time spent in this place.
 C = Inter-level travel time spent in this place.
 D = Time resting spent in this place.
 E = Time spent auto-exploring this place.
 F = Levels seen in this place.
 G = Mean time per level.
                   A        B        C        D        E       F      G
               +--------+--------+--------+--------+--------+-----+--------+
         Total |  11561 |  11082 |    479 |    672 |   8181 |  13 |  889.3 |
       Dungeon |  10786 |  10307 |    479 |    401 |   7913 |  12 |  898.8 |
        Bailey |    774 |    774 |      0 |    271 |    267 |   1 |  774.0 |
               +--------+--------+--------+--------+--------+-----+--------+

Top non-repeatable levels by time:
    D:11: 1557 daAuts
     D:7: 1302 daAuts
     D:6: 1132 daAuts
     D:1: 1014 daAuts
     D:8: 995 daAuts
     D:5: 957 daAuts
     D:4: 948 daAuts
     D:3: 840 daAuts
    D:10: 822 daAuts
  Bailey: 774 daAuts
     D:2: 637 daAuts
     D:9: 501 daAuts
    D:12: 77 daAuts
